 Dungeon Crawl Stone Soup version 0.16-a0-3149-g1169300 (webtiles) character file.

444 Johnny the Quickloader (level 7, 0/50 HPs)
             Began as a Human Hunter on Dec 14, 2014.
             Slain by a wraith (11 damage)
             ... on level 5 of the Dungeon.
             The game lasted 00:06:58 (2996 turns).

Johnny the Quickloader (Human Hunter)               Turns: 2996, Time: 00:06:58

Health: 0/50       AC:  7    Str: 12    XL:     7   Next: 23%
Magic:  7/7        EV: 12    Int: 12    God:
Gold:   259        SH:  0    Dex: 15    Spells: 0 memorised, 6 levels left

rFire  + . .     SeeInvis .     a - +0 short sword
rCold  + . .     Clarity  .     d - +0 leather armour
rNeg   . . .     SustAb   .     (no shield)
rPois  +         Gourm    .     (no helmet)
rElec  +         Spirit   .     (no cloak)
rCorr  +         Warding  .     (no gloves)
rMut   .         Stasis   .     r - +1 pair of boots
MR     .....                    (no amulet)
Stlth  ++........               (no ring)
                                l - +2 ring of protection

@: resistant, flying, slowed, very slow, not resistant to hostile enchantments,
unstealthy
A: blurry vision 1, screaming 1
a: no special abilities


You were on level 5 of the Dungeon.
You were not hungry.

You visited 1 branch of the dungeon, and saw 5 of its levels.

You collected 259 gold pieces.

Inventory:

Hand weapons
 a - a +0 short sword (weapon)
 b - a +1 hand crossbow
Armour
 d - a +0 leather armour (worn)
 r - a +1 pair of boots (worn)
Jewellery
 l - a +2 ring of protection (left hand)
Magical devices
 q - a wand of random effects (15)
 C - a wand of frost (43)
Scrolls
 e - 3 scrolls of blinking {unknown}
 g - 4 scrolls of noise {unknown}
 h - a scroll of magic mapping {unknown}
 t - 4 scrolls of remove curse {unknown}
 u - 2 scrolls of teleportation {unknown}
 v - a scroll of amnesia {unknown}
 y - a scroll of immolation {unknown}
 A - a scroll of identify {unknown}
 B - 2 scrolls of recharging {unknown}
Potions
 i - a potion of resistance
 j - a potion of ambrosia {unknown}
 k - a potion of degeneration
 m - a potion of haste {unknown}
 n - 2 potions of curing
 o - a potion of flight
 p - a potion of restore abilities
 s - a potion of mutation
 z - a potion of brilliance {unknown}
Books
 x - a Young Poisoner's Handbook

   Spells                             Type                      Level
   a - Sting                          Conjuration/Poison           1
   b - Cure Poison                    Poison                       2
   c - Mephitic Cloud                 Conjuration/Poison/Air       3
   d - Olgreb's Toxic Radiance        Poison                       4
   e - Venom Bolt                     Conjuration/Poison           5
Comestibles
 f - 3 bread rations


   Skills:
 - Level 2.0 Fighting
 + Level 8.2 Crossbows
 - Level 2.0 Dodging
 - Level 1.0 Stealth


You had 6 spell levels left.
You didn't know any spells.

Dungeon Overview and Level Annotations

Branches:
Dungeon (5/15)
 Temple: D:4-7

Altars:
Okawaru
Ru
Vehumet
Yredelemnul


Innate Abilities, Weirdness & Mutations

Scrolls take you a little longer to read.
You occasionally shout uncontrollably at your foes.


Message History

The bolt hits the wraith but does no damage.
The wraith hits you.
Firing (i - inventory): No suitable missiles.
Press: ? - help, Shift-Dir - straight line, f/p - wraith
Aim: a wraith
Okay, then.
Unknown command.
Wield which item (- for none, * to show all)? (? for menu, Esc to quit)
a - a +0 short sword (weapon)
The wraith hits you!
* * * LOW HITPOINT WARNING * * *
The wraith drains your vigour!
You feel as though you will be slow longer.
* * * LOW HITPOINT WARNING * * *
You are too injured to fight recklessly!
You are too injured to fight recklessly!
You are too injured to fight recklessly!
Unknown command.
The wraith hits you!
You die...

#.##.....<........
#.##...........###
#.##...#)#)#######
#.##...#..........
#.#####.##.....#.#######
#...........#....#
#######.###....### #.#
#.##.# #@# #.##.#
###W###.##.#
#.†.....##.#
#(#.######.. #(#...
#.##### #. .. ##


You could see a wraith.

Vanquished Creatures
  An ogre (D:4)
  A phantom (D:4)
  A hound (D:4)
  A giant frog skeleton (D:4)
  Jessica (D:3)
  8 adders
  2 shadow imps
  A giant mite (D:4)
  3 worms
  3 orcs
  2 bat skeletons (D:4)
  2 giant cockroaches
  12 goblins
  7 hobgoblins
  7 bats
  3 giant newts
  A goblin zombie (D:3)
  8 jackals
  9 kobolds
  A quokka (D:3)
  10 rats
84 creatures vanquished.

Notes
Turn   | Place    | Note
--------------------------------------------------------------
     0 | D:1      | Johnny, the Human Hunter, began the quest for the Orb.
     0 | D:1      | Reached XP level 1. HP: 16/16 MP: 1/1
     2 | D:1      | Noticed a demonspawn
     2 | D:1      | Noticed a vampire
     4 | D:1      | Noticed a merfolk
     4 | D:1      | Noticed a troll
     6 | D:1      | Noticed a formicid
     6 | D:1      | Noticed a draconian
     8 | D:1      | Noticed a dwarf
     8 | D:1      | Noticed a human
    10 | D:1      | Noticed an ogre
    10 | D:1      | Noticed a tengu
    12 | D:1      | Noticed a minotaur
    12 | D:1      | Noticed a vine stalker
    14 | D:1      | Noticed a centaur
    16 | D:1      | Noticed a demigod
    16 | D:1      | Noticed an elf
    20 | D:1      | Noticed a spriggan
    20 | D:1      | Noticed a naga
    22 | D:1      | Noticed a ghoul
    24 | D:1      | Noticed a felid
    26 | D:1      | Noticed a gargoyle
    26 | D:1      | Noticed an octopode
   134 | D:1      | Reached XP level 2. HP: 22/22 MP: 2/2
   780 | D:1      | Reached XP level 3. HP: 22/27 MP: 3/3
   983 | D:2      | Reached skill level 5 in Crossbows
  1247 | D:2      | Found a basalt altar of Yredelemnul.
  1274 | D:2      | Reached XP level 4. HP: 33/33 MP: 4/4
  1469 | D:2      | Found an iron altar of Okawaru.
  1753 | D:3      | Reached skill level 6 in Crossbows
  1753 | D:3      | Reached XP level 5. HP: 28/38 MP: 5/5
  1870 | D:3      | Noticed Jessica
  1872 | D:3      | Killed Jessica
  2172 | D:4      | Noticed a phantom
  2189 | D:4      | Killed a phantom
  2189 | D:4      | Reached skill level 7 in Crossbows
  2189 | D:4      | Reached XP level 6. HP: 22/44 MP: 6/6
  2729 | D:4      | Found a sacrificial altar of Ru.
  2854 | D:4      | Found a radiant altar of Vehumet.
  2854 | D:4      | Noticed an ogre
  2861 | D:4      | Killed an ogre
  2861 | D:4      | Reached skill level 8 in Crossbows
  2861 | D:4      | Reached XP level 7. HP: 6/50 MP: 7/7
  2932 | D:5      | Entered Level 5 of the Dungeon
  2977 | D:5      | Noticed a wraith
  2990 | D:5      | Gained mutation: You occasionally shout uncontrollably at your foes. [potion of mutation]
  2990 | D:5      | Gained mutation: Scrolls take you a little longer to read. [potion of mutation]
  2996 | D:5      | Slain by a wraith

Action                   |  1- 3 |  4- 6 |  7- 9 || total
-------------------------+-------+-------+-------++-------
Melee: Short sword       |       |    22 |       ||    22
 Fire: Hand crossbow     |    57 |   140 |    15 ||   212
  Use: Potion            |       |       |     7 ||     7
  Eat: Beef jerky        |       |     1 |       ||     1
       Chunk             |       |     1 |       ||     1
       Bread ration      |       |     1 |       ||     1
